 Dungeon Crawl Stone Soup version 0.30-a0-172-gc5509c9e31 (webtiles) character file.

Game seed: 639467179343235301

14 blackman the Sneak (level 2, 0/18 (22) HPs)
             Began as a Demigod Wanderer on Oct 2, 2022.
             Slain by a kobold
             ... wielding a +2 whip of draining
              (2 damage)
             ... on level 1 of the Dungeon.
             The game lasted 00:00:42 (146 turns).

blackman the Sneak (Demigod Wanderer)                Turns: 146, Time: 00:00:43

HP:   0/18 (22)     AC:  4    Str: 15    XL:     2   Next: 15%
MP:   4/4           EV: 11    Int: 12    God:
Gold: 24            SH:  0    Dex: 13    Spells: 1/1 levels left

rFire   . . .      SeeInvis .    a - +2 mace
rCold   . . .      Faith    .    (no shield)
rNeg    . . .      Spirit   .    e - +0 leather armour
rPois   .          Reflect  .    (no helmet)
rElec   .          Harm     .    (no cloak)
rCorr   .          Rampage  .    (no gloves)
Will    .....                    c - +0 pair of boots
Stlth   ++........               (no amulet)
HPRegen 0.23/turn                (no ring)
MPRegen 0.09/turn                (no ring)

@: heavily drained
A: high MP 1, forlorn, divine attributes
a: no special abilities


You were on level 1 of the Dungeon.
You visited 1 branch of the dungeon, and saw 1 of its levels.

You collected 24 gold pieces.

Inventory:

Hand Weapons
 a - a +2 mace (weapon)
 b - a +0 spear
 g - a +0 long sword
Armour
 c - a +0 pair of boots (worn)
 e - a +0 leather armour (worn)
Jewellery
 f - a ring of magical power
 l - a +6 ring of intelligence
Scrolls
 k - a scroll of silence {unknown}
Potions
 d - a potion of lignification
 h - a potion of curing {unknown}
 i - a potion of heal wounds {unknown}
 j - a potion of cancellation {unknown}
 m - a potion of flight {unknown}


   Skills:
 * Level 0.8 Fighting
 - Level 1.9 Maces & Flails
 - Level 2.0 Polearms
 - Level 2.0 Armour
 - Level 3.7 Stealth


You had one spell level left.
You didn't know any spells.
Your spell library was empty.

Dungeon Overview and Level Annotations

Branches:
Dungeon (1/15)


Innate Abilities, Weirdness & Mutations

You have an increased reservoir of magic. (+10% MP)
You shall have no god before yourself.
Your divine heritage dramatically boosts your attributes as you level up.


Message History

a +0 whip; 4 stones; a ball python corpse You barely miss the kobold.
The kobold hits you but does no damage.
A kobold comes into view. It is wielding a +2 whip of draining.
You closely miss the kobold. The kobold hits you but does no damage.
The kobold hits you with a +0 dagger.
The kobold shouts!
You hit the kobold.
You kill the kobold!
Things that are here:
a +0 dagger; a kobold corpse The kobold hits you with a +2 whip of draining.
You feel drained.
You closely miss the kobold.
The kobold hits you with a +2 whip of draining.
You feel drained.
* * * LOW HITPOINT WARNING * * *
You are too injured to fight recklessly!
You are too injured to fight recklessly!
You are too injured to fight recklessly!
You are too injured to fight recklessly!
You are too injured to fight recklessly!
You are too injured to fight recklessly!
You are too injured to fight recklessly!
You are too injured to fight recklessly!
You are too injured to fight recklessly!
You are too injured to fight recklessly!
You are too injured to fight recklessly!
You are too injured to fight recklessly!
You are too injured to fight recklessly!
You are too injured to fight recklessly!
You are too injured to fight recklessly!
You are too injured to fight recklessly!
You are too injured to fight recklessly!
You hit the kobold.
The kobold is heavily wounded.
The kobold hits you with a +2 whip of draining.
* * * LOW HITPOINT WARNING * * *
You feel drained.
The kobold hits you with a +2 whip of draining.
You die...

#.#.# #.#.# #.#.#
#.#.# ####
#.#.####...## #
#####............ #.
#...#...........# ..
#.#...)).@K.....#
#.##..†#....."....##
..#......########.###
.....).......... .#
.######..######. #
.....#.....#
#....##.# #>...##.#
#.......######## ##


You could see a kobold.

Vanquished Creatures
  2 ball pythons (D:1)
  2 endoplasms (D:1)
  A giant cockroach (D:1)
  A hobgoblin (D:1)
  2 kobolds (D:1)
  3 bats (D:1)
  A rat (D:1)
12 creatures vanquished.

Notes
Turn   | Place    | Note
-------+----------+-------------------------------------------
     0 | D:1      | blackman the Demigod Wanderer began the quest for the Orb.
     0 | D:1      | blackman set off with the following items: a +2 mace, a +0
                  | spear, a +0 pair of boots, a potion of lignification, a +0
                  | leather armour.
     0 | D:1      | Reached XP level 1. HP: 14/14 MP: 3/3
   134 | D:1      | Reached XP level 2. HP: 22/22 MP: 4/4
   146 | D:1      | Slain by a kobold

Illustrated notes

Levels and vault maps discovered:
D:1:      evilmike_arrival_plus, layout_basic, serial_shops,
          nicolae_shop_statue_plus, chequers_serial_rivers_micro_b,
          corner_web_ring, st_stairs_11

Skill      XL: |  1 |
---------------+----+-----
Polearms       | 2 |  2.0
Armour         | 2 |  2.0
Fighting       | |  0.8
Maces & Flails | |  1.9
Stealth        | |  3.7

Action                   || total
-------------------------++-------
Melee: Mace              ||    23
 Stab: Sleeping          ||     2
Armor: Leather armour    ||    10
Dodge: Dodged            ||    10

Table legend: (Time is in decaauts)
 A = Elapsed time spent in this place.
 B = Non-inter-level travel time spent in this place.
 C = Inter-level travel time spent in this place.
 D = Time resting spent in this place.
 E = Time spent auto-exploring this place.
 F = Levels seen in this place.
 G = Mean time per level.
                   A        B        C        D        E       F      G
               +--------+--------+--------+--------+--------+-----+--------+
         Total |    152 |    152 |      0 |      0 |     79 |   1 |  152.0 |
       Dungeon |    152 |    152 |      0 |      0 |     79 |   1 |  152.0 |
               +--------+--------+--------+--------+--------+-----+--------+

Top non-repeatable levels by time:
     D:1: 152 daAuts
